 Seeded DCSS version 0.30.1-9-gdf580d7c3d (webtiles) character file.

Game seed: 11633723325983345501 (custom seed)

3238 fireball365 the Cleaver (level 9, -1/71 HPs)
             Began as a Hill Orc Fighter on Oct 14, 2023.
             Was a Priest of Okawaru.
             Slain by an orc warrior
             ... wielding a +0 flail
              (4 damage)
             ... on level 8 of the Dungeon.
             The game lasted 00:12:04 (6140 turns).

fireball365 the Cleaver (Hill Orc Fighter)          Turns: 6140, Time: 00:12:04

Health: -1/71      AC: 15    Str: 29    XL:     9   Next: 99%
Magic:  9/9        EV:  8    Int:  3    God:    Okawaru [***...]
Gold:   450        SH: 19    Dex:  8    Spells: 8/8 levels left

rFire   + . .        a - +0 war axe
rCold   . . .        q - +0 tower shield
rNeg    . . .        h - +0 chain mail
rPois   .            (helmet restricted)
rElec   .            I - +2 cloak
rCorr   .            (no gloves)
SInv    +            e - +0 pair of boots
Will    ++...        F - amulet of reflection Stlth
                     l - ring "Zavo Jae" {rF+ Will++ Int-5 SInv}
HPRegen 0.31/turn    x - +6 ring of strength
MPRegen 0.11/turn

%: reflection
@: no status effects
A: horns 1, clumsy 1, MP-powered wands
a: Renounce Religion, Heroism


You were on level 8 of the Dungeon.
You worshipped Okawaru.
Okawaru was most pleased with you.
You visited 1 branch of the dungeon, and saw 8 of its levels.

You collected 450 gold pieces.

Inventory:

Hand Weapons
 a - a +0 war axe (weapon)
 H - a +1 battleaxe of freezing
Missiles
 j - 2 throwing nets (quivered)
 p - 13 javelins
 y - 5 curare-tipped darts
 E - 23 poisoned darts
Armour
 e - a +0 pair of boots (worn)
 h - a +0 chain mail (worn)
 q - a +0 tower shield (worn)
 I - a +2 cloak (worn)
Jewellery
 l - the ring "Zavo Jae" (left hand) {rF+ Will++ Int-5 SInv}
   (You took it off a kobold on level 2 of the Dungeon)

   [ring of protection from fire]

   Int:       It affects your intelligence (-5).
   rF:        It protects you from fire.
   SInv:      It lets you see invisible.
   Will:      It greatly increases your willpower.
 m - an amulet of faith
 w - a ring of protection from fire
 x - a +6 ring of strength (right hand)
 B - a +6 ring of strength
 F - an amulet of reflection (around neck)
Wands
 c - a wand of polymorph (5)
Scrolls
 f - 3 scrolls of teleportation {unknown}
 g - 3 scrolls of enchant armour {unknown}
 o - a scroll of immolation {unknown}
 t - 3 scrolls of silence
 v - 3 scrolls of magic mapping {unknown}
 z - a scroll of vulnerability {unknown}
 A - a scroll of acquirement {unknown}
 C - 3 scrolls of torment {unknown}
 D - 2 scrolls of enchant weapon {unknown}
 G - a scroll of fog {unknown}
Potions
 d - 4 potions of might
 r - a potion of degeneration {unknown}
 u - a potion of cancellation {unknown}


   Skills:
 - Level 3.8 Fighting
 + Level 11.4 Axes
 + Level 7.4 Armour
 + Level 2.9 Dodging
 + Level 1.4 Stealth
 + Level 9.0 Shields


You had 8 spell levels left.
You didn't know any spells.
Your spell library contained the following spells:

 Spells                   Type           Power      Damage    Failure   Level
 Blink                    Tloc           0%         N/A       100%        2
 Ensorcelled Hibernation  Hex/Ice        0%         N/A       100%        2
 Passwall                 Tmut/Erth      0%         N/A       100%        2
 Static Discharge         Conj/Air       0%         2-2/arc   100%        2
 Gell's Gravitas          Tloc           0%         N/A       100%        3
 Swiftness                Air            0%         N/A       100%        3
 Teleport Other           Tloc           0%         N/A       100%        3
 Airstrike                Air            0%         2d(0-16)  100%        4
 Manifold Assault         Tloc           0%         N/A       100%        4
 Olgreb's Toxic Radiance  Pois           0%         N/A       100%        4
 Dispersal                Tloc           0%         N/A       100%        6
 Storm Form               Tmut/Air       0%         N/A       100%        7
 Discord                  Hex            0%         N/A       100%        8
 Ignition                 Fire           0%         3d3       100%        8
 Summon Ice Beast         Ice/Summ       Unusable   N/A       N/A         4
 Summon Lightning Spire   Summ/Air       Unusable   N/A       N/A         4
 Summon Mana Viper        Hex/Summ       Unusable   N/A       N/A         5
 Monstrous Menagerie      Summ           Unusable   N/A       N/A         7

Dungeon Overview and Level Annotations

Branches:
Dungeon (8/15)             Temple (0/1) D:4
   Lair: D:8-11

Altars:
Kikubaaqudgha
Okawaru
Sif Muna
Xom
The Shining One


Innate Abilities, Weirdness & Mutations

You have a pair of small horns on your head.
You are clumsy. (Dex -2)
You expend magic power (3 MP) to strengthen your wands.


Message History

You feel better. You block the yak's attack.
You closely miss the yak.
The yak is severely wounded.
You hit the orc warrior. You block the yak's attack.
The orc warrior hits you with a +0 flail!
* * * LOW HITPOINT WARNING * * *
You slice the yak!!
You kill the yak!
Okawaru accepts your kill.
Okawaru will now gift you throwing weapons as you gain piety.
You barely miss the yak. You closely miss the orc warrior.
You block the yak's attack.
The orc warrior hits you but does no damage.
You barely miss the orc warrior.
You headbutt the orc warrior, but do no damage.
The orc warrior is lightly wounded.
You barely miss the yak. Okawaru is honoured by your kill.
You feel a bit more experienced. You block the yak's attack.
You block the orc warrior's attack.
Your Shields skill increases to level 9!
You hit the orc warrior but do no damage.
You headbutt the orc warrior, but do no damage.
The orc warrior is lightly wounded.
You hit the yak. The orc warrior closely misses you. The yak barely misses you.
You block the yak's attack. You block the orc warrior's attack.
You barely miss the yak. Your headbutt misses the yak.
The yak is severely wounded.
You hit the orc warrior. You block the yak's attack.
You block the orc warrior's attack.
You barely miss the yak.
The yak is severely wounded.
You closely miss the orc warrior. You block the yak's attack.
You block the orc warrior's attack.
You slash the yak! You headbutt the yak, but do no damage.
The yak is almost dead.
You hit the orc warrior. The yak gores you!
* * * LOW HITPOINT WARNING * * *
The orc warrior hits you with a +0 flail.
You die...

..#......#
#.#....<.#
##.#####.#.Y....#
.Y.Y....†...#####
......#.♣..)#
...Y. #...P.###
.....##.......#
.......⌠.)♣...#
#..#.##)Y@....# .
.......o....#
8.8....#.....#
............#
......#.....#
......##......
..... ...#.<.
...# #......


You could see 2 yaks and an orc warrior.

Vanquished Creatures
  6 yaks
  A sky beast (D:6)
  2 black bears
  3 ice beasts
  An ogre (D:7)
  A centaur (D:7)
  2 kobold brigands (D:7)
  5 phantoms
  A bullfrog (D:6)
  A gnoll sergeant (D:7)
  3 scorpions
  3 wights (D:7)
  A howler monkey (D:7)
  A centaur zombie (D:4)
  A bullfrog skeleton (D:4)
  Crazy Yiuf (D:7)
  2 hounds
  A jelly (D:6)
  An iguana (D:7)
  A sleepcap (D:6)
  2 orc wizards
  3 scorpion zombies (D:4)
  A hound zombie (D:4)
  A hound skeleton (D:4)
  2 howler monkey zombies (D:4)
  10 adders
  5 gnolls (D:7)
  A white imp (D:6)
  3 adder skeletons (D:4)
  3 adder zombies (D:4)
  3 worms
  A dart slug (D:1)
  10 orcs
  9 endoplasms
  4 giant cockroaches
  12 hobgoblins
  10 jackals
  3 quokkas
  10 ball pythons
  3 bats
  3 frilled lizards
  7 goblins
  21 kobolds
  6 rats
171 creatures vanquished.

Vanquished Creatures (others)
  2 kobolds (D:7)
2 creatures vanquished.

Grand Total: 173 creatures vanquished

Notes
Turn   | Place    | Note
-------+----------+-------------------------------------------
     0 | D:1      | fireball365 the Hill Orc Fighter began the quest for the
                  | Orb.
     0 | D:1      | Reached XP level 1. HP: 19/19 MP: 1/1
   114 | D:1      | Reached XP level 2. HP: 26/26 MP: 2/2
   311 | D:1      | Reached skill level 3 in Axes
   329 | D:1      | Reached XP level 3. HP: 33/33 MP: 3/3
  1074 | D:2      | Reached XP level 4. HP: 40/40 MP: 4/4
  1150 | D:2      | Reached skill level 4 in Axes
  1428 | D:2      | Identified the ring "Zavo Jae" {rF+ Will++ Int-5 SInv}
  1753 | D:3      | Reached skill level 1 in Dodging
  1928 | D:3      | Reached XP level 5. HP: 46/46 MP: 5/5
  2394 | D:3      | Reached skill level 5 in Axes
  2621 | D:4      | Noticed a phantom
  2637 | D:4      | Killed a phantom
  2643 | D:4      | Reached XP level 6. HP: 11/52 MP: 6/6
  2646 | D:4      | Reached skill level 6 in Axes
  2648 | D:4      | HP: 1/52 [scorpion zombie (3)]
  2652 | D:4      | Gained mutation: You have a pair of small horns on your
                  | head. [potion of mutation]
  2652 | D:4      | Gained mutation: You expend magic power (3 MP) to
                  | strengthen your wands. [potion of mutation]
  2652 | D:4      | Gained mutation: You are clumsy. (Dex -2) [potion of
                  | mutation]
  2873 | D:4      | Reached skill level 7 in Axes
  2966 | D:4      | Reached XP level 7. HP: 58/58 MP: 7/7
  3351 | D:4      | Found a shimmering altar of Xom.
  3352 | D:4      | Found a shimmering altar of Xom.
  3353 | D:4      | Found a shimmering altar of Xom.
  3353 | D:4      | Found a shimmering altar of Xom.
  3353 | D:4      | Found a shimmering altar of Xom.
  3353 | D:4      | Found a shimmering altar of Xom.
  3354 | D:4      | Found a shimmering altar of Xom.
  3418 | D:4      | Found a staircase to the Ecumenical Temple.
  3483 | D:4      | Found a shimmering blue altar of Sif Muna.
  3636 | D:5      | Entered Level 5 of the Dungeon
  3765 | D:5      | Reached skill level 8 in Axes
  3765 | D:5      | Reached skill level 5 in Armour
  3765 | D:5      | Reached skill level 5 in Shields
  3825 | D:5      | Reached skill level 1 in Stealth
  4053 | D:5      | Reached XP level 8. HP: 66/66 MP: 8/8
  4310 | D:5      | Found an iron altar of Okawaru.
  4339 | D:5      | Became a worshipper of Warmaster Okawaru
  4550 | D:6      | Found a glowing golden altar of the Shining One.
  4566 | D:6      | Reached skill level 9 in Axes
  4578 | D:6      | Reached * piety under Okawaru
  5138 | D:7      | Reached XP level 9. HP: 31/71 MP: 9/9
  5584 | D:7      | Reached ** piety under Okawaru
  5585 | D:7      | Reached skill level 10 in Axes
  5898 | D:7      | Found an ancient bone altar of Kikubaaqudgha.
  5938 | D:7      | Found a runed translucent door.
  5939 | D:7      | Noticed Crazy Yiuf
  5945 | D:7      | Killed Crazy Yiuf
  6088 | D:7      | Reached skill level 11 in Axes
  6135 | D:8      | Reached *** piety under Okawaru
  6140 | D:8      | HP: 3/71 [yak (9)]
  6140 | D:8      | Slain by an orc warrior

Illustrated notes

Levels and vault maps discovered:
D:1:      heliophobic_arrival_glass_houses, layout_basic,
          hangedman_abyss_or_decor_stabs, minmay_box_of_dots
D:2:      layout_basic
D:3:      layout_basic
D:4:      layout_basic, led_sif_pool, nicolae_xom_altar_mimics,
          minmay_temple_entry_poolview, serial_undead, serial_undead_a,
          serial_undead_f, serial_undead_e, serial_undead_d, serial_undead_d,
          serial_undead_f, grunt_ministairs_6, minmay_pentomino_pile
D:5:      layout_loops_ring, hellmonk_okawaru_the_only_friend_you_need
D:6:      layout_basic, mainiacjoe_overflow_paths
D:7:      layout_basic, nicolae_kikubaaqudgha_miasma_corner,
          kennysheep_nondescript, minivault_19, uniq_crazy_yiuf_cottage
D:8:      layout_rooms, mainiacjoe_overflow_alcove_4, amcnicky_altar_gilded,
          eat_drink_and_be_merry_uskayaw, serial_demonic, serial_demonic_g,
          serial_demonic_e, serial_demonic_a, serial_demonic_g,
          reono_crystal_passage, minmay_hollow_rounded_squares, uniq_psyche

Skill      XL: |  1  2  3  4  5  6  7  8  9 |
---------------+----------------------------+-----
Axes           | 3 4 5 7 8 9 11 | 11.4
Armour         | 4 5 6 7 |  7.4
Dodging        | 1 2 |  2.9
Shields        | 4 5 6 9 |  9.0
Stealth        | 1 |  1.4
Fighting       | |  3.8

Action                     |  1- 3 |  4- 6 |  7- 9 || total
---------------------------+-------+-------+-------++-------
  Melee: War axe           |   111 |   179 |   298 ||   588
         Headbutt          |       |     9 |    61 ||    70
    Use: Scroll            |       |     2 |     4 ||     6
         Potion            |       |     2 |     6 ||     8
 Armour: Scale mail        |    69 |   113 |    69 ||   251
         Chain mail        |       |       |    38 ||    38
  Dodge: Dodged            |    60 |    95 |    76 ||   231
  Block: Buckler           |    34 |    21 |       ||    55
         Tower shield      |       |   108 |   296 ||   404
         Reflection        |       |       |     3 ||     3
